 Dungeon Crawl Stone Soup version 0.29-a0-323-g050149af67 (webtiles) character file.

Game seed: 1879021301307648271

19231 zishaf the Dancer (level 12, -13/67 HPs)
             Began as a Vine Stalker Brigand on Apr 11, 2022.
             Was a Priest of Uskayaw.
             Shot with an arrow by a centaur warrior (16 damage)
             ... on level 13 of the Dungeon.
             The game lasted 00:24:08 (12374 turns).

zishaf the Dancer (Vine Stalker Brigand)           Turns: 12374, Time: 00:24:08

Health: -13/67     AC: 11    Str: 15    XL:     12   Next: 66%
Magic:  0/22       EV: 11    Int: 13    God:    Uskayaw [***...]
Gold:   794        SH:  0    Dex: 20    Spells: 11/11 levels left

rFire   + . .      SeeInvis .   b - +8 storm bow {elec, penet}
rCold   . . .      Faith    +   (shield currently unavailable)
rNeg    . . .      Spirit   +   S - +0 troll leather armour
rPois   +          Reflect  .   (helmet restricted)
rElec   .          Harm     .   x - +2 cloak {Will+}
rCorr   .          Rampage  .   (no gloves)
Will    ++...                   Q - +2 pair of boots
Stlth   +++.......              j - amulet of faith
HPRegen 1.81/turn               B - ring of protection from fire
MPRegen 0.18/turn               (no ring)

@: no status effects
A: fangs 3, regeneration 1, magic shield, antimagic bite, no potion heal 2,
horns 1, clever 1, poison resistance
a: Renounce Religion, Stomp, Line Pass


You were on level 13 of the Dungeon.
You worshipped Uskayaw.
Uskayaw was pleased with you.
You visited 2 branches of the dungeon, and saw 14 of its levels.
You also visited: Ossuary and Bailey.

You collected 794 gold pieces.

Inventory:

Hand Weapons
 a - a +2 dagger of electrocution
 b - the +8 storm bow (weapon) {elec, penet}
   (You acquired it on level 13 of the Dungeon)

   Any ammunition fired from it occasionally discharges a powerful burst of
   electricity upon striking a foe.
   Any ammunition fired by it passes through the targets it hits, potentially
   hitting all targets in its path until it reaches maximum range.
 C - a +1 short sword of holy wrath
 J - the +3 hunting sling of Subjectivity {flame, rPois rF+ Int-4}
   (You found it on level 5 of the Dungeon)

   Any ammunition fired from it burns those it strikes, dealing additional fire
   damage.
   Int:       It affects your intelligence (-4).
   rF:        It protects you from fire.
   rPois:     It protects you from poison.
 V - a +7 dagger of draining
 X - a +6 dagger
Missiles
 e - 3 curare-tipped darts
 E - 22 poisoned darts
Armour
 c - a +0 cloak
 k - a +0 leather armour
 l - a +2 pair of boots
 o - a +2 helmet
 q - a scarf of repulsion
 x - a +2 cloak of willpower (worn)
 G - +0 steam dragon scales
 Q - a +2 pair of boots (worn)
 S - a +0 troll leather armour (worn)
Jewellery
 j - an amulet of faith (around neck)
 v - a ring of ice
 A - a ring of wizardry
 B - a ring of protection from fire (left hand)
 R - a +6 ring of intelligence
Wands
 g - a wand of flame (3)
 y - a wand of paralysis (6)
 H - a wand of polymorph (16)
 T - a wand of iceblast (6)
 U - a wand of mindburst (2)
Scrolls
 f - 2 scrolls of immolation
 i - 5 scrolls of teleportation
 n - 2 scrolls of enchant weapon
 w - 3 scrolls of blinking
 z - a scroll of enchant armour
 D - a scroll of fog
 F - 2 scrolls of silence
 I - a scroll of holy word
 K - 4 scrolls of amnesia
 N - a scroll of fear {unknown}
 P - 4 scrolls of vulnerability {unknown}
 Y - a scroll of identify
Potions
 d - 4 potions of might
 h - 2 potions of curing
 m - 5 potions of invisibility
 p - 5 potions of brilliance
 r - 3 potions of magic
 s - a potion of flight {unknown}
 t - 5 potions of attraction
 u - a potion of resistance {unknown}
 L - 2 potions of degeneration {unknown}
 M - 3 potions of cancellation {unknown}
 O - 2 potions of lignification {unknown}
 W - a potion of ambrosia {unknown}


   Skills:
 + Level 9.8 Fighting
 + Level 9.8 Short Blades
 - Level 1.7 Throwing
 + Level 4.8 Armour
 - Level 1.0 Dodging
 - Level 6.0 Stealth
 * Level 12.9 Invocations


You had 11 spell levels left.
You didn't know any spells.
Your spell library contained the following spells:

 Spells                   Type           Power      Damage    Failure   Level
 Magic Dart               Conj           0%         1d3       36%         1
 Blink                    Tloc           0%         N/A       50%         2
 Searing Ray              Conj           0%         2d4       50%         2
 Lesser Beckoning         Tloc           0%         N/A       73%         3
 Ozocubu's Armour         Ice            0%         N/A       73%         3
 Fulminant Prism          Conj/Hex       0%         3d6       98%         4
 Manifold Assault         Tloc           0%         N/A       100%        5
 Metabolic Englaciation   Hex/Ice        0%         N/A       100%        5
 Simulacrum               Ice/Necr       0%         N/A       100%        6


Dungeon Overview and Level Annotations

Branches:
Dungeon (13/15)            Temple (1/1) D:5            Lair (0/6) D:9
    Orc (0/2) D:9         Ossuary (visited)          Bailey (visited)
 Vaults: D:13-14

Altars:
Ashenzari
Cheibriados
Dithmenos
Elyvilon
Fedhas
Gozag
Hepliaklqana
Kikubaaqudgha
Makhleb
Nemelex Xobeh
Okawaru
Qazlal
Ru
Sif Muna
Trog
Uskayaw
Vehumet
Wu Jian
Xom
Yredelemnul
Zin
The Shining One

Shops:
D:7 !   D:8 (([   D:11 [   D:12 =


Innate Abilities, Weirdness & Mutations

You have razor-sharp teeth.
Your natural rate of healing is unusually fast.
When hurt, damage is shared between your health and your magic reserves.
Your bite disrupts and absorbs the magic of your enemies.
Potions cannot restore your health.
You have a pair of small horns on your head.
Your mind is acute. (Int +2)
Your system is resistant to poisons. (rPois)


Message History

The centaur warrior shoots an arrow.
The arrow closely misses you.
You hear a shout! x2
You shoot an arrow.
The arrow pierces through the centaur warrior.
Lightning courses through the centaur warrior!
The centaur warrior is heavily wounded.
The centaur wields a +0 shortbow.
The centaur shoots an arrow.
The arrow hits you.
A centaur warrior comes into view.
The centaur warrior shoots an arrow.
The arrow hits you!
You hear a shout!
You can now pass through a line of other dancers.
You shoot an arrow.
The arrow pierces through the centaur warrior!
The centaur warrior is severely wounded.
The centaur warrior shoots an arrow.
The arrow hits you!
A centaur comes into view.
A slime creature comes into view.
Uskayaw will force your foes to helplessly watch your dance.
Uskayaw prepares the audience for your solo!
You are too injured to fight recklessly!
Shoot: b) +8 storm bow {elec, penet}
Press: ? - help, Q - select action, (/) - cycle Shift-Dir - straight line, f - centaur warrior
Aim: a centaur warrior (paralysed, 98% to hit)
You shoot an arrow.
The arrow pierces through the centaur warrior!!
The centaur warrior is moderately wounded.
The centaur is no longer paralysed.
The slime creature is no longer paralysed.
The centaur wields a +0 shortbow.
The centaur shoots an arrow.
The arrow barely misses you.
A centaur comes into view.
The centaur warrior shoots an arrow.
The arrow hits you!!
* * * LOW HITPOINT WARNING * * *
The centaur shoots an arrow.
The arrow hits you!
* * * LOW HITPOINT WARNING * * *
The centaur shoots an arrow.
The arrow hits you!
* * * LOW HITPOINT WARNING * * *
A slime creature comes into view.
The centaur warrior shoots an arrow.
The arrow hits you!
You die...

#....>.#
###.#####
##.####.# #.#
......#.#####
#<##
##.##.......#
#........
#.####.###.#
#.#####.#
#......#
#.###...###c##
########
#.........cc.J
####.....c#.
#..@#....#
#.........c
#.##....###
#.# .......
#.. ...####
### .### .# .#


You could see a slime creature (wandering), 2 centaur warriors and 3 centaurs.

Vanquished Creatures
  2 boulder beetles
  A centaur warrior (D:13)
  Erica (D:8)
  A death knight (D:11)
  A two-headed ogre (D:9)
  A wizard (D:12)
  An orc knight (Bailey)
  A deep elf pyromancer (D:12)
  2 ugly things (D:12)
  3 cyclopes
  An elephant (D:9)
  A gargoyle (D:12)
  A komodo dragon (D:12)
  6 trolls
  3 slime creatures (D:12)
  Sigmund (D:7)
  A shadow (D:12)
  2 wyverns
  6 wraiths
  Grum (D:8)
  2 basilisks (D:9)
  11 yaks
  11 vampire mosquitoes
  A steam dragon (D:8)
  Edmund (D:7)
  Duvessa (D:7)
  A water moccasin (D:5)
  2 sky beasts
  2 ice beasts
  2 ogres (D:5)
  3 orc warriors
  2 black bears
  3 wolves (D:8)
  A centaur (D:5)
  A kobold brigand (D:7)
  A bullfrog (D:7)
  3 necrophages (D:6)
  3 scorpions
  A gnoll sergeant (D:10)
  Dowan (D:7)
  9 wights (D:7)
  8 killer bees
  6 howler monkeys
  4 hounds
  5 orc priests
  Crazy Yiuf (D:3)
  A gnoll shaman (D:5)
  Natasha (thrice) (D:2)
  Terence (D:2)
  An iguana (D:6)
  7 orc wizards
  A mummy (Ossuary)
  20 gnolls
  6 adders
  A shadow imp (D:7)
  2 ufetubi
  3 worms
  3 dart slugs
  51 orcs
  3 spectral bats (Ossuary)
  7 ball pythons
  6 bats
  5 endoplasms
  3 giant cockroaches
  12 gnoll zombies (Ossuary)
  10 goblins
  5 hobgoblins
  6 quokkas
  4 bat simulacra (Ossuary)
  A frilled lizard (D:2)
  2 goblin simulacra (Ossuary)
  5 goblin zombies (Ossuary)
  A hobgoblin zombie (Ossuary)
  11 kobolds
  4 kobold simulacra (Ossuary)
  8 kobold zombies (Ossuary)
  4 orc zombies (Ossuary)
  5 rats
  2 rat simulacra (Ossuary)
  4 spectral goblins (Ossuary)
  5 spectral kobolds (Ossuary)
  4 spectral rats (Ossuary)
340 creatures vanquished.

Vanquished Creatures (others)
  A withered plant (D:7)
1 creature vanquished.

Grand Total: 341 creatures vanquished

Notes
Turn   | Place    | Note
-------+----------+-------------------------------------------
     0 | D:1      | zishaf the Vine Stalker Brigand began the quest for the
                  | Orb.
     0 | D:1      | Reached XP level 1. HP: 11/11 MP: 2/2
   208 | D:1      | Reached skill level 1 in Dodging
   224 | D:1      | Reached skill level 5 in Stealth
   224 | D:1      | Reached XP level 2. HP: 15/15 MP: 3/3
  1449 | D:2      | Reached XP level 3. HP: 18/18 MP: 4/4
  1586 | D:2      | Noticed Terence
  1588 | D:2      | Killed Terence
  1632 | D:2      | Gained mutation: Your natural rate of healing is unusually
                  | fast. [Vine Stalker growth]
  1632 | D:2      | Reached XP level 4. HP: 23/23 MP: 5/5
  1819 | D:2      | Noticed Natasha
  1830 | D:2      | Killed Natasha
  2018 | D:2      | Noticed Natasha
  2036 | D:2      | Killed Natasha
  2037 | D:2      | Reached XP level 5. HP: 28/28 MP: 4/6
  2064 | D:2      | Noticed Natasha
  2073 | D:2      | Killed Natasha
  3423 | D:3      | Found a runed translucent door.
  3424 | D:3      | Noticed Crazy Yiuf
  3443 | D:3      | Killed Crazy Yiuf
  3444 | D:3      | Reached XP level 6. HP: 6/33 MP: 3/7
  3783 | D:4      | Noticed a black bear
  3801 | D:4      | Killed a black bear
  3852 | D:4      | Found a white marble altar of Elyvilon.
  4343 | D:4      | Reached XP level 7. HP: 31/38 MP: 6/8
  4533 | D:5      | Entered Level 5 of the Dungeon
  4539 | D:5      | Found a staircase to the Ecumenical Temple.
  4558 | Temple   | Entered the Ecumenical Temple
  4735 | Temple   | Became a worshipper of Uskayaw the Reveller
  4783 | D:5      | Reached * piety under Uskayaw
  4788 | D:5      | Reached ** piety under Uskayaw
  4790 | D:5      | Reached skill level 5 in Fighting
  4790 | D:5      | Reached skill level 1 in Invocations
  4826 | D:5      | Reached skill level 5 in Short Blades
  4891 | D:5      | Reached *** piety under Uskayaw
  4977 | D:5      | Reached skill level 2 in Invocations
  4978 | D:5      | Identified the +3 hunting sling of Subjectivity {flame,
                  | rPois rF+ Int-4}
  4995 | D:5      | Gained mutation: You have razor-sharp teeth. [Vine Stalker
                  | growth]
  4995 | D:5      | Reached XP level 8. HP: 43/43 MP: 10/10
  5058 | D:5      | Reached **** piety under Uskayaw
  5059 | D:5      | Reached skill level 3 in Invocations
  5061 | D:5      | Reached ***** piety under Uskayaw
  5064 | D:5      | Reached skill level 4 in Invocations
  5220 | D:5      | Reached skill level 5 in Invocations
  6171 | D:6      | Reached XP level 9. HP: 48/48 MP: 14/14
  6714 | D:6      | Reached skill level 6 in Invocations
  6785 | D:7      | Found an ancient bone altar of Kikubaaqudgha.
  6850 | D:7      | Found a glowing silver altar of Zin.
  6888 | D:7      | Found a broken altar of Ashenzari.
  6921 | D:7      | Noticed Duvessa
  6922 | D:7      | Noticed Dowan
  6926 | D:7      | Killed Duvessa
  6932 | D:7      | Killed Dowan
  6989 | D:7      | Found a flagged portal.
  7015 | Bailey   | Entered a bailey
  7151 | Bailey   | Noticed an orc knight
  7173 | Bailey   | Killed an orc knight
  7174 | Bailey   | Reached skill level 7 in Invocations
  7686 | D:7      | Reached ****** piety under Uskayaw
  7729 | D:7      | Reached skill level 8 in Invocations
  7732 | D:7      | Reached XP level 10. HP: 55/55 MP: 17/17
  7840 | D:7      | Found Jurahaog's Distillery.
  7971 | D:7      | Noticed Sigmund
  7978 | D:7      | Killed Sigmund
  7994 | D:7      | Noticed Edmund
  8002 | D:7      | Killed Edmund
  8323 | D:8      | Noticed Grum
  8334 | D:8      | Reached skill level 9 in Invocations
  8337 | D:8      | Killed Grum
  8376 | D:8      | Found Kocaig's Antique Weapon Shoppe.
  8504 | D:8      | Found Teseh's Weapon Shop.
  8781 | D:8      | Noticed Erica
  8784 | D:8      | Killed Erica
  8788 | D:8      | Found a sand-covered staircase.
  8796 | Ossuary  | Entered an ossuary
  9269 | D:8      | Found Builenaj's Armour Shop.
  9703 | D:9      | Found a staircase to the Orcish Mines.
  9715 | D:9      | Reached skill level 10 in Invocations
  9752 | D:9      | Reached skill level 1 in Armour
  9752 | D:9      | Reached XP level 11. HP: 60/60 MP: 19/19
  9792 | D:9      | Noticed a two-headed ogre
  9801 | D:9      | Killed a two-headed ogre
  9941 | D:9      | Found a staircase to the Lair.
 10241 | D:10     | Entered Level 10 of the Dungeon
 10345 | D:10     | Reached skill level 11 in Invocations
 11093 | D:11     | Noticed a boulder beetle
 11103 | D:11     | Killed a boulder beetle
 11140 | D:11     | Gained mutation: You are weak. (Str -2) [potion of
                  | mutation]
 11140 | D:11     | Gained mutation: You passively map a small area around you.
                  | [potion of mutation]
 11141 | D:11     | Lost mutation: You are weak. (Str -2) [potion of mutation]
 11141 | D:11     | Lost mutation: You passively map a small area around you.
                  | [potion of mutation]
 11141 | D:11     | Gained mutation: You are occasionally teleported next to
                  | monsters. [potion of mutation]
 11141 | D:11     | Gained mutation: You are clumsy. (Dex -2) [potion of
                  | mutation]
 11141 | D:11     | Gained mutation: A frigid envelope surrounds you and
                  | freezes all who hurt you. [potion of mutation]
 11142 | D:11     | Lost mutation: You are clumsy. (Dex -2) [potion of
                  | mutation]
 11142 | D:11     | Lost mutation: A frigid envelope surrounds you and freezes
                  | all who hurt you. [potion of mutation]
 11142 | D:11     | Lost mutation: You are occasionally teleported next to
                  | monsters. [potion of mutation]
 11142 | D:11     | Gained mutation: Your mind is acute. (Int +2) [potion of
                  | mutation]
 11142 | D:11     | Gained mutation: You tend to lose your temper in combat.
                  | [potion of mutation]
 11142 | D:11     | Gained mutation: Armour fits poorly on your strangely
                  | shaped body. [potion of mutation]
 11142 | D:11     | Gained mutation: You are partially covered in iridescent
                  | scales. (AC +2) [potion of mutation]
 11238 | D:11     | Noticed a death knight
 11253 | D:11     | Killed a death knight
 11295 | D:11     | Found Epaa's Armour Shoppe.
 11549 | D:11     | Lost mutation: You are partially covered in iridescent
                  | scales. (AC +2) [potion of mutation]
 11549 | D:11     | Lost mutation: Armour fits poorly on your strangely shaped
                  | body. [potion of mutation]
 11549 | D:11     | Lost mutation: You tend to lose your temper in combat.
                  | [potion of mutation]
 11549 | D:11     | Gained mutation: Your system is resistant to poisons.
                  | (rPois) [potion of mutation]
 11549 | D:11     | Gained mutation: You have a pair of small horns on your
                  | head. [potion of mutation]
 11660 | D:12     | Noticed a boulder beetle
 11660 | D:12     | Noticed a white ugly thing
 11669 | D:12     | Killed a boulder beetle
 11670 | D:12     | Reached XP level 12. HP: 44/66 MP: 14/21
 11677 | D:12     | Reached skill level 12 in Invocations
 11780 | D:12     | You fall into a shaft and drop 1 floor!
 11845 | D:13     | Noticed a centaur warrior
 11863 | D:13     | Killed a centaur warrior
 12264 | D:12     | Found Zatad's Jewellery Boutique.
 12333 | D:13     | Identified a scroll of acquirement
 12333 | D:13     | Acquired the +8 storm bow {elec, penet}
 12333 | D:13     | Found the +8 storm bow {elec, penet}
 12369 | D:13     | Noticed a centaur warrior
 12372 | D:13     | Noticed a centaur warrior
 12374 | D:13     | HP: 3/67 [centaur/arrow[a centaur warrior] (10)]
 12374 | D:13     | Shot with an arrow by a centaur warrior

Illustrated notes

Levels and vault maps discovered:
D:1:      matt_arrival_refuge, layout_basic, serial_forest,
          infiniplex_forest_lined_2, infiniplex_forest_straight_2,
          infiniplex_forest_3_way, infiniplex_forest_join,
          infiniplex_forest_lined_corner, infiniplex_forest_straight_2,
          infiniplex_forest_lined_3_way, infiniplex_forest_lined_3_way
D:2:      layout_basic, grunt_ministairs_10, uniq_natasha, uniq_terence
D:3:      layout_basic, minmay_mini_jars, uniq_crazy_yiuf_cottage
D:4:      layout_loops_ring, kennysheep_mini_moat, chequers_serial_rivers_room_a
D:5:      layout_loops_ring, minmay_temple_entry_arrows, hangedman_decor_lopped
D:6:      layout_layer_cave, grunt_tough_drop
D:7:      layout_loops_ring, mainiacjoe_overflow_small_starburst,
          old_standard_altar, kiku_gazebo_garden_becter, enter_bailey_5,
          nicolae_stop_n_shop_2, sigmund_edmund_badplayer, uniq_duvessa
D:8:      layout_basic, serial_shops, nicolae_shop_window_shopping,
          nicolae_shop_crystal, kennysheep_mini, enter_ossuary_3, uniq_grum,
          uniq_erica
D:9:      layout_rooms, david_lair_generic, david_orc_2
D:10:     layout_irregular_city
D:11:     layout_rooms, serial_shops, nicolae_shop_hallway_plus, serial_curves,
          eino_curves_03, eino_curves_04, nicolae_figureground_sparkle
D:12:     layout_rooms, serial_shops, shop_fountains
D:13:     layout_loops_cross
Temple:   dpeg_five_rooms_temple

Skill      XL: |  1  2  3  4  5  6  7  8  9 10 11 12 |
---------------+-------------------------------------+-----
Dodging        | 1 |  1.0
Fighting       | 2 3 4 5 6 7 8 9 |  9.8
Stealth        | 5 6 |  6.0
Short Blades   | 2 3 4 5 6 7 8 9 |  9.8
Invocations    | 2 5 8 10 11 12 | 12.9
Armour         | 1 3 4 |  4.8
Throwing       | |  1.7

Action                   |  1- 3 |  4- 6 |  7- 9 | 10-12 || total
-------------------------+-------+-------+-------+-------++-------
Melee: Dagger            |    60 |   190 |   261 |   363 ||   874
       Bite              |     7 |    59 |    76 |   165 ||   307
       Punch             |       |     2 |     4 |    12 ||    18
       Short sword       |       |       |    17 |    95 ||   112
       Headbutt          |       |       |       |    44 ||    44
 Fire: Longbow           |       |       |       |     5 ||     5
       Hunting sling     |       |       |       |     3 ||     3
Invok: Grand Finale      |       |       |       |     1 ||     1
  Use: Scroll            |       |     8 |     5 |     6 ||    19
       Potion            |       |     1 |       |     4 ||     5
 Stab: Sleeping          |    10 |     9 |    19 |    25 ||    63
       Paralysed         |       |       |    15 |    36 ||    51
       Distracted        |       |       |     1 |       ||     1
Armor: Robe              |     3 |       |       |       ||     3
       Leather armour    |     7 |    74 |   100 |     1 ||   182
       Steam dragon scal |       |       |       |    87 ||    87
       Troll leather arm |       |       |       |    68 ||    68
Dodge: Dodged            |    34 |    84 |   136 |   212 ||   466

Table legend: (Time is in decaauts)
 A = Elapsed time spent in this place.
 B = Non-inter-level travel time spent in this place.
 C = Inter-level travel time spent in this place.
 D = Time resting spent in this place.
 E = Time spent auto-exploring this place.
 F = Levels seen in this place.
 G = Mean time per level.
                   A        B        C        D        E       F      G
               +--------+--------+--------+--------+--------+-----+--------+
         Total |  12090 |  11480 |    610 |    169 |   8435 |  16 |  755.6 |
       Dungeon |  11121 |  10545 |    576 |    134 |   7871 |  13 |  855.5 |
        Temple |    218 |    184 |     34 |      0 |    160 |   1 |  218.0 |
       Ossuary |    297 |    297 |      0 |      0 |    147 |   1 |  297.0 |
        Bailey |    452 |    452 |      0 |     35 |    257 |   1 |  452.0 |
               +--------+--------+--------+--------+--------+-----+--------+

Top non-repeatable levels by time:
     D:1: 1407 daAuts
     D:6: 1225 daAuts
     D:3: 1212 daAuts
     D:8: 1169 daAuts
     D:2: 1110 daAuts
     D:7: 941 daAuts
    D:10: 765 daAuts
     D:4: 755 daAuts
     D:5: 734 daAuts
    D:11: 615 daAuts
     D:9: 517 daAuts
    D:12: 477 daAuts
  Bailey: 452 daAuts
 Ossuary: 297 daAuts
  Temple: 218 daAuts
